 Dungeon Crawl Stone Soup version 0.29-a0-284-gf9362112df (webtiles) character file.

Game seed: 18088286086914908269

185 Dabor the Cudgeller (level 5, -9/32 HPs)
             Began as a Gargoyle Gladiator on Mar 14, 2022.
             Killed from afar by Ijyb (41 damage)
             ... with a bolt of acid
             ... on level 3 of the Dungeon.
             The game lasted 00:02:59 (2873 turns).

Dabor the Cudgeller (Gargoyle Gladiator)            Turns: 2873, Time: 00:02:59

Health: -9/32      AC:  7    Str: 19    XL:     5   Next: 64%
Magic:  5/5        EV: 11    Int:  9    God:
Gold:   85         SH:  0    Dex: 11    Spells: 4/4 levels left

rFire   . . .      SeeInvis .   w - +4 flail
rCold   . . .      Faith    .   (no shield)
rNeg    + . .      Spirit   .   o - +0 ring mail
rPois   ∞          Reflect  .   c - +0 helmet
rElec   +          Harm     .   (no cloak)
rCorr   .          Rampage  .   (no gloves)
Will    .....                   k - +0 pair of boots
Stlth   +.........              (no amulet)
HPRegen 0.10/turn               (no ring)
MPRegen 0.09/turn               (no ring)

@: corroded
A: sickness immunity, AC +4, negative energy resistance 1, electricity
resistance, torment resistance 1, petrification resistance
a: no special abilities


You were on level 3 of the Dungeon.
You visited 1 branch of the dungeon, and saw 3 of its levels.

You collected 85 gold pieces.

Inventory:

Hand Weapons
 a - a +0 flail
 r - a +2 whip of draining
 w - a +4 flail (weapon)
Missiles
 d - 2 throwing nets (quivered)
 e - a javelin
Armour
 b - a +0 leather armour
 c - a +0 helmet (worn)
 k - a +0 pair of boots (worn)
 o - a +0 ring mail (worn)
Jewellery
 i - an amulet of faith
Scrolls
 h - 3 scrolls of magic mapping {unknown}
 j - 3 scrolls of identify {unknown}
 q - a scroll of immolation {unknown}
 s - a scroll of fear {unknown}
 t - a scroll of enchant armour {unknown}
 u - a scroll of fog {unknown}
 x - a scroll of teleportation {unknown}
Potions
 f - a potion of haste {unknown}
 g - a potion of heal wounds
 l - 2 potions of might {unknown}
 m - 2 potions of curing {unknown}
 n - 3 potions of attraction {unknown}
 p - a potion of lignification {unknown}
 v - a potion of flight {unknown}
 z - a potion of brilliance {unknown}


   Skills:
 + Level 3.5 Fighting
 + Level 4.0 Maces & Flails
 - Level 2.1 Throwing
 + Level 2.1 Armour
 + Level 3.3 Dodging


You had 4 spell levels left.
You didn't know any spells.
Your spell library was empty.

Dungeon Overview and Level Annotations

Branches:
Dungeon (3/15)

Altars:

Annotations:
D:3 Ijyb


Innate Abilities, Weirdness & Mutations

You are immune to sickness and miasma.
Your stone body is resilient. (AC +4)
You are immune to poison.
You resist negative energy. (rN+)
You are resistant to electric shocks. (rElec)
You are resistant to unholy torment.
You are immune to petrification.


Message History

The quokka closely misses you.
The quokka bites you but does no damage.
You closely miss the quokka. The quokka closely misses you.
You barely miss the quokka.
The quokka bites you but does no damage.
The quokka closely misses you.
You barely miss the quokka. The quokka bites you.
You hit the quokka but do no damage. The quokka barely misses you. x2
You hit the quokka.
The quokka is almost dead.
The quokka barely misses you.
You sock the quokka!
You kill the quokka!
No target in view!
x - a scroll labelled UTAEGE COYQOU
Found a stone staircase leading down.
Found a stone staircase leading down.
There is a stone staircase leading down here.
z - a metallic brown potion Ijyb the Twisted Goblin comes into view.
She is wielding a +0 club and carrying a wand of acid (6).
Ijyb shouts!
Ijyb is nearby!
Ijyb zaps a wand.
The bolt of acid hits you!
Ouch! That really hurt!
The acid corrodes you!
You are too injured to fight recklessly!
You are too injured to fight recklessly!
You are too injured to fight recklessly!
You aren't carrying any items that you can evoke.
It was a potion of heal wounds.
You feel much better.
Throw: 3 throwing nets
Press: ? - help, Q - select action, (/) - cycle Shift-Dir - straight line, f - Ijyb
Aim: Ijyb, wielding a +0 club, wearing a +0 leather armour and carrying a wand of acid (5) (50% to hit)
You throw a throwing net. The throwing net hits Ijyb.
Ijyb is caught in the net!
Ijyb struggles against the net.
Ijyb struggles against the net.
You hit Ijyb but do no damage.
Ijyb zaps a wand.
The bolt of acid hits you!!!
Ouch! That really hurt!
You die...

##########
.........#
########.#
############.
#.###....@g......
#.....###########
#######


You could see Ijyb (caught).

Vanquished Creatures
  A phantom (D:3)
  Robin (D:2)
  3 gnolls (D:2)
  An adder (D:2)
  4 orcs (D:3)
  5 bats
  5 endoplasms
  7 goblins
  5 hobgoblins
  8 kobolds
  4 quokkas
  2 ball pythons (D:1)
  2 frilled lizards (D:2)
  4 rats (D:2)
52 creatures vanquished.

Notes
Turn   | Place    | Note
-------+----------+-------------------------------------------
     0 | D:1      | Dabor the Gargoyle Gladiator began the quest for the Orb.
     0 | D:1      | Reached XP level 1. HP: 12/12 MP: 1/1
   315 | D:1      | Reached XP level 2. HP: 18/18 MP: 2/2
  1050 | D:2      | Reached XP level 3. HP: 14/22 MP: 3/3
  1472 | D:2      | Noticed Robin
  1489 | D:2      | Killed Robin
  1490 | D:2      | Reached skill level 1 in Armour
  1500 | D:2      | Reached XP level 4. HP: 12/27 MP: 4/4
  1770 | D:2      | Noticed a shining eye
  1778 | D:2      | Found a faded altar of an unknown god.
  1779 | D:2      | Noticed a shining eye
  2169 | D:2      | Noticed a golden eye
  2214 | D:2      | Noticed a great orb of eyes
  2421 | D:3      | Noticed a phantom
  2434 | D:3      | Killed a phantom
  2435 | D:3      | Reached skill level 4 in Maces & Flails
  2435 | D:3      | Reached XP level 5. HP: 19/32 MP: 5/5
  2867 | D:3      | Noticed Ijyb
  2873 | D:3      | Killed from afar by Ijyb

Illustrated notes

Levels and vault maps discovered:
D:1:      dpeg_arrival_castle, layout_loops_ring, chequers_serial_rivers_small_b
D:2:      layout_loops_corners, hellmonk_ecumenical_altar_watching_god,
          minmay_domino_2, uniq_robin
D:3:      layout_loops_ring, uniq_ijyb

Skill      XL: |  1  2  3  4 |
---------------+-------------+-----
Throwing       | 2 |  2.1
Armour         | 1 2 |  2.1
Fighting       | 3 |  3.5
Dodging        | 3 |  3.3
Maces & Flails | 4 |  4.0

Action                   |  1- 3 |  4- 6 || total
-------------------------+-------+-------++-------
Melee: Flail             |    72 |    10 ||    82
       Punch             |     1 |     1 ||     2
       Whip              |    27 |    55 ||    82
Throw: Throwing net      |       |     1 ||     1
  Use: Potion            |       |     1 ||     1
Armor: Leather armour    |    18 |       ||    18
       Ring mail         |    28 |    12 ||    40
Dodge: Dodged            |    72 |    33 ||   105

Table legend: (Time is in decaauts)
 A = Elapsed time spent in this place.
 B = Non-inter-level travel time spent in this place.
 C = Inter-level travel time spent in this place.
 D = Time resting spent in this place.
 E = Time spent auto-exploring this place.
 F = Levels seen in this place.
 G = Mean time per level.
                   A        B        C        D        E       F      G
               +--------+--------+--------+--------+--------+-----+--------+
         Total |   2895 |   2823 |     72 |    330 |   2108 |   3 |  965.0 |
       Dungeon |   2895 |   2823 |     72 |    330 |   2108 |   3 |  965.0 |
               +--------+--------+--------+--------+--------+-----+--------+

Top non-repeatable levels by time:
     D:2: 1499 daAuts
     D:1: 930 daAuts
     D:3: 466 daAuts
